 Dungeon Crawl Stone Soup version 0.22-a0-402-ga933591 (webtiles) character file.

14910 Borgoz the Fighter (level 12, -5/115 HPs)
             Began as a Gargoyle Abyssal Knight on May 7, 2018.
             Was an Elder of Lugonu.
             Slain by an ice beast (14 damage)
             ... in an ice cave.
             The game lasted 00:39:19 (14897 turns).

Borgoz the Fighter (Gargoyle Abyssal Knight)       Turns: 14897, Time: 00:39:20

Health: -5/115     AC: 26    Str: 18    XL:     12   Next: 21%
Magic:  9/19       EV:  2    Int: 17    God:    Lugonu [****..]
Gold:   647        SH:  0    Dex: 13    Spells: 9/11 levels left

rFire    . . .     SeeInvis +   a - +5 club
rCold    . . .     Gourm    .   (no shield)
rNeg     + + +     Faith    .   (armour currently unavailable)
rPois    ∞         Spirit   .   (helmet currently unavailable)
rElec    .         Reflect  .   (cloak currently unavailable)
rCorr    .         Harm     .   (gloves currently unavailable)
MR       .....     NoTele   +   (boots currently unavailable)
Stlth    ++........             (no amulet)
HPRegen  0.29/turn              R - ring of see invisible
MPRegen  0.16/turn              u - +2 ring of evasion

@: brilliant, tree-form, very slightly contaminated
A: negative energy resistance 1, petrification resistance, rot immunity, AC +8
a: Depart the Abyss, Bend Space, Banish, Corrupt, Renounce Religion


You were in an ice cave.
You worshipped Lugonu.
Lugonu was greatly pleased with you.
You were not hungry.
You were a tree.
You visited 3 branches of the dungeon, and saw 14 of its levels.
You visited the Abyss 1 time.
You also visited: Sewer and Ice Cave.

You collected 647 gold pieces.

Inventory:

Hand Weapons
 a - a +5 club (weapon)
Armour
 e - +0 storm dragon scales (melded)
 I - a +2 pair of gloves (melded)
 P - a scarf of resistance (melded)
Jewellery
 l - an uncursed ring of ice
 u - a +2 ring of evasion (right branch)
 y - an uncursed ring of resist corrosion
 C - an uncursed ring of stealth
 R - a ring of see invisible (left branch)
Wands
 g - a wand of random effects (63)
 v - a wand of polymorph (19)
 z - a wand of flame (13)
 F - a wand of digging (10)
 N - a wand of iceblast (8)
Scrolls
 i - 4 scrolls of noise {unknown}
 k - 2 scrolls of remove curse
 m - 3 scrolls of teleportation {unknown}
 n - a scroll of enchant weapon {unknown}
 q - 2 scrolls of enchant armour {unknown}
 r - 3 scrolls of fear {unknown}
 s - 5 scrolls of magic mapping
 t - 2 scrolls of fog {unknown}
 w - 3 scrolls of amnesia {unknown}
 B - 2 scrolls of blinking
 H - 2 scrolls of random uselessness {unknown}
 O - a scroll of immolation {unknown}
Potions
 f - 2 potions of mutation
 h - 2 potions of magic
 x - 2 potions of lignification
 A - 5 potions of curing
 D - a potion of might
 G - a potion of agility
 K - a potion of degeneration
 Q - 5 potions of haste
 T - 2 potions of flight
Comestibles
 c - 33 rations


   Skills:
 + Level 9.8 Fighting
   Level 1.5 Short Blades
 + Level 9.5 Maces & Flails
 + Level 9.5 Armour
 + Level 7.2 Dodging
 - Level 2.1 Stealth
 + Level 9.6 Invocations


You had 9 spell levels left.
You knew the following spells:

 Your Spells              Type           Power        Failure   Level  Hunger
a - Ensorcelled Hibernat  Hex/Ice        ##....       4%          2    ###....


Dungeon Overview and Level Annotations

Branches:
Dungeon (10/15)            Temple (1/1) D:5            Lair (3/6) D:8
  Swamp (0/4) Lair:2        Snake (0/4) Lair:3
    Orc: D:9-12

Altars:
Ashenzari
Cheibriados
Dithmenos
Elyvilon
Fedhas
Gozag
Hepliaklqana
Kikubaaqudgha
Makhleb
Nemelex Xobeh
Okawaru
Qazlal
Ru
Sif Muna
Trog
Uskayaw
Vehumet
Wu Jian
Xom
Yredelemnul
Zin
The Shining One
Beogh

Shops:
D:8 =}=*

Annotations:
D:10 Fannar


Innate Abilities, Weirdness & Mutations

You are resistant to torment.
((Your stone body is resilient. (AC +8)))
You are immune to poison.
You resist negative energy. (rN+)
((You are resistant to electric shocks. (rElec)))
((You can survive without breathing.))
You are immune to petrification.
You are immune to rotting.


Message History

The ice beast freezes you!
* * * LOW HITPOINT WARNING * * *
The ice beast hits you but does no damage. x3
You hit the ice beast.
The ice beast is severely wounded.
The ice beast hits you but does no damage. x4
You hit the ice beast.
The ice beast is almost dead.
The ice beast hits you but does no damage.
The ice beast hits you.
* * * LOW HITPOINT WARNING * * *
The ice beast freezes you!
* * * LOW HITPOINT WARNING * * *
The ice beast completely misses you.
It was a potion of brilliance.
You feel clever all of a sudden. The ice beast hits you.
* * * LOW HITPOINT WARNING * * *
The ice beast freezes you!
You die...

#...!.$.?...#
##....$.$....##
#......$......#
#....8...8....#
#.............#
#...........#
#....Y.Y....#
#....Y♣Y....#
##.........##
##...∩...##
##.....##
#######


You could see 4 ice beasts.

Vanquished Creatures
  An unseen horror (D:7)
  Pikel (D:8)
  A spiny frog (Lair:2)
  A centaur skeleton (D:10)
  The ghost of Silkki the Skirmisher, a novice GrFi of Ashenzari (D:4)
  Grinder (D:3)
  10 blink frogs
  A polar bear (Lair:3)
  3 hippogriffs
  A wyvern (Lair:3)
  15 yaks
  Sigmund (D:2)
  4 hogs (D:7)
  2 humans (D:7)
  2 nagas (Lair:3)
  3 water moccasins
  A porcupine (Lair:3)
  Purgy (Sewer)
  2 ice beasts (D:7)
  An orc warrior (D:9)
  A sky beast (D:5)
  A slave (D:8)
  An eye of draining (D:9)
  2 phantoms
  6 ogres
  A centaur (D:6)
  3 crocodiles (Lair:2)
  Blork the orc (D:6)
  11 bullfrogs
  A gnoll sergeant (D:5)
  3 scorpions
  The ghost of torrenera the Insei, a weakling GnTm (D:3)
  An electric eel (Lair:1)
  A howler monkey (D:6)
  A crimson imp (D:5)
  A jelly (D:8)
  4 hounds
  5 orc priests (D:8)
  Crazy Yiuf (D:2)
  4 gnoll shamans
  A bullfrog skeleton (D:6)
  Ijyb (D:3)
  2 iguanas
  3 orc wizards
  2 worker ants
  A hound skeleton (D:7)
  2 hound zombies
  A mummy (D:7)
  Robin (D:2)
  52 gnolls
  10 adders
  5 shadow imps
  3 oozes
  2 worms
  3 dart slugs
  6 leopard geckos
  32 orcs
  5 giant cockroaches
  13 goblins
  9 hobgoblins
  26 jackals
  7 kobolds
  8 quokkas
  A ball python (Sewer)
  7 bats
  12 frilled lizards
  A jackal skeleton (D:7)
  A quokka skeleton (D:7)
  A quokka zombie (D:5)
  5 rats
326 creatures vanquished.

Vanquished Creatures (others)
  3 two-headed ogres
  An ugly thing (IceCv)
  3 spiny frogs (Lair:1)
  2 komodo dragons
  A yak (Lair:2)
  2 orc warriors (D:8)
  2 ice beasts (IceCv)
  2 orcs (D:8)
  A quokka (D:5)
  2 fungi (Lair:2)
  A plant (Lair:2)
20 creatures vanquished.

Grand Total: 346 creatures vanquished

Notes
Turn   | Place    | Note
-------+----------+-------------------------------------------
     0 | Abyss:1  | Borgoz the Gargoyle Abyssal Knight began the quest for the Orb.
     0 | Abyss:1  | Reached XP level 1. HP: 14/14 MP: 2/2
    81 | Abyss:1  | Found a corrupted altar of Lugonu.
    94 | Abyss:1  | Noticed a small abomination
    95 | D:1      | Escaped the Abyss
   237 | D:1      | Reached * piety under Lugonu
   256 | D:1      | Reached skill level 1 in Dodging
   256 | D:1      | Reached XP level 2. HP: 10/19 MP: 3/3
   461 | D:1      | Reached XP level 3. HP: 23/23 MP: 4/4
   731 | D:2      | Noticed Sigmund
   869 | D:3      | Noticed torrenera's ghost (weakling GnTm)
   885 | D:3      | Killed torrenera's ghost
   885 | D:3      | Reached XP level 4. HP: 6/29 MP: 5/5
  1177 | D:3      | Noticed Grinder
  1356 | D:2      | Noticed Robin
  1456 | D:2      | Killed Robin
  1522 | D:2      | Reached XP level 5. HP: 33/33 MP: 7/7
  1528 | D:2      | Found a faded altar of an unknown god.
  1576 | D:2      | Reached ** piety under Lugonu
  1807 | D:2      | Found a runed door.
  1811 | D:2      | Noticed Crazy Yiuf
  1821 | D:2      | Killed Crazy Yiuf
  1940 | D:3      | Noticed Ijyb
  1954 | D:3      | Killed Ijyb
  1986 | D:3      | Reached XP level 6. HP: 31/38 MP: 8/8
  2388 | D:3      | Reached *** piety under Lugonu
  2461 | D:3      | Paralysed by Grinder for 7 turns
  2480 | D:3      | Killed Grinder
  2480 | D:3      | Reached XP level 7. HP: 15/44 MP: 9/9
  2700 | D:2      | Killed Sigmund
  2700 | D:2      | Reached skill level 5 in Maces & Flails
  3168 | D:3      | Reached skill level 5 in Fighting
  3168 | D:3      | Reached XP level 8. HP: 40/49 MP: 11/11
  3624 | D:4      | Reached **** piety under Lugonu
  3889 | D:4      | Reached skill level 5 in Armour
  3889 | D:4      | Reached skill level 5 in Invocations
  4052 | D:4      | Noticed Silkki's ghost (novice GrFi)
  4121 | D:4      | Killed Silkki's ghost
  4121 | D:4      | Reached XP level 9. HP: 25/55 MP: 11/13
  4668 | D:5      | Entered Level 5 of the Dungeon
  4964 | D:5      | Got an ancient leather armour
  4975 | D:5      | Identified the +4 leather armour "Mocrou" {rPois Stlth+} (You found it on level 5 of the Dungeon)
  5069 | D:5      | Found a white marble altar of Elyvilon.
  5137 | D:5      | Found a shadowy altar of Dithmenos.
  5228 | D:5      | HP: 2/56 [gnoll/halberd (11)]
  5773 | D:5      | Found a staircase to the Ecumenical Temple.
  5778 | Temple   | Entered the Ecumenical Temple
  5999 | D:6      | Reached ***** piety under Lugonu
  6013 | D:6      | Found a glowing drain.
  6021 | Sewer    | Entered a sewer
  6074 | Sewer    | Noticed Purgy
  6082 | Sewer    | Killed Purgy
  6339 | D:6      | Noticed Blork the orc
  6358 | D:6      | Killed Blork the orc
  6370 | D:6      | Found a glowing golden altar of the Shining One.
  7142 | D:7      | Reached skill level 1 in Stealth
  7510 | D:7      | Found a snail-covered altar of Cheibriados.
  7543 | D:7      | Reached skill level 1 in Short Blades
  7752 | D:7      | Found a runed door.
  7758 | D:7      | Found a basalt altar of Yredelemnul.
  7862 | D:7      | Killed an unseen horror
  7862 | D:7      | Reached skill level 5 in Dodging
  7862 | D:7      | Reached XP level 10. HP: 28/63 MP: 13/15
  8814 | D:8      | Found Hegil's Assorted Antiques.
  8873 | D:8      | Found a shattered altar of Ashenzari.
  8873 | D:8      | Found a hazy altar of Hepliaklqana.
  8940 | D:8      | Noticed Pikel
  8977 | D:8      | Killed Pikel
  9120 | D:8      | Found a staircase to the Lair.
  9340 | D:8      | Found Ruadeok's Jewellery Shop.
  9372 | D:8      | Found a roughly hewn altar of Beogh.
  9585 | D:8      | Found Fiwnoaro's Gadget Shop.
  9593 | D:8      | Found Fathakhlu's Jewellery Shop.
  9644 | D:8      | Noticed a two-headed ogre
  9646 | D:8      | Banished a two-headed ogre
  9666 | D:8      | Found a roughly hewn altar of Beogh.
 10572 | D:9      | Noticed a two-headed ogre
 10583 | D:9      | Banished a two-headed ogre
 10583 | D:9      | Reached XP level 11. HP: 49/69 MP: 11/17
 10870 | D:9      | Found a sacrificial altar of Ru.
 11011 | D:9      | Found a shimmering altar of Xom.
 11124 | D:10     | Entered Level 10 of the Dungeon
 11146 | D:10     | Noticed a two-headed ogre
 11147 | D:10     | Banished a two-headed ogre
 11224 | D:10     | Noticed Fannar
 11336 | Lair:1   | Entered Level 1 of the Lair of Beasts
 12718 | Lair:1   | Learned a level 2 spell: Ensorcelled Hibernation
 14100 | Lair:2   | Found a staircase to the Swamp.
 14156 | Lair:2   | Reached XP level 12. HP: 46/76 MP: 18/18
 14686 | Lair:3   | Found a staircase to the Snake Pit.
 14867 | Lair:3   | Found a frozen archway.
 14880 | IceCv    | Entered an ice cave
 14897 | IceCv    | Slain by an ice beast

Vault maps used:
D:1:      ncdulo_smallfort
D:2:      chequers_ecumenical_altar_simple_redux, minmay_octomino_e4,
          uniq_crazy_yiuf_cottage, uniq_sigmund, uniq_robin
D:3:      lemuel_castle_with_subvaults, minmay_misc_feat_tiny, uniq_grinder,
          uniq_ijyb
D:4:      first_ration
D:5:      elyvilon_altar_4, minmay_temple_entry_nine_rooms,
          nicolae_dithmenos_the_darkroom
D:6:      marbit_many_paths, gup_sewer_entry_bowl, serial_curves,
          eino_curves_03, eino_curves_03, uniq_blork_the_orc
D:7:      slow_altar_1, grunt_livestock, grunt_ministairs_6,
          dk_yredelemnul_ordeal
D:8:      gammafunk_temple_overflow_wave, dpeg_oklobed_lair, special_room,
          serial_shops, shop, shop, nicolae_shop_statue_plus,
          kennysheep_little_box, david_defended_altar_orc, uniq_pikel
D:9:      lemuel_round_altar, lemuel_doored_altar, st_stairs_10,
          kennysheep_small_square
D:10:     uniq_fannar
Temple:   eino_wide_crystal_templ
Lair:1:   st_stairs_10, nicolae_quartered_pool_little, grunt_megastairs_1
Lair:2:   swamp_mist
Lair:3:   guppyfry_snake_entry_garden, portal_ice_cave_demonic_guard,
          serial_bayou_shore_b
Abyss:1:  evilmike_abyss_exit_kraken
Sewer:    sewer_co_purgy_island
IceCv:    ice_cave_statue_garden_teleport

Skill      XL: |  1  2  3  4  5  6  7  8  9 10 11 12 |
---------------+-------------------------------------+-----
Dodging        | 1 2 3 5 6 7 |  7.2
Maces & Flails | 3 4 5 6 7 8 9 |  9.5
Armour         | 3 4 5 6 8 9 |  9.5
Fighting       | 4 5 7 8 9 |  9.8
Invocations    | 3 4 5 6 8 9 |  9.6
Stealth        | 2 |  2.1
Short Blades   | 1 |  1.5

Action                   |  1- 3 |  4- 6 |  7- 9 | 10-12 || total
-------------------------+-------+-------+-------+-------++-------
Melee: Mace              |   130 |   101 |       |       ||   231
       Club              |       |   162 |   699 |  1065 ||  1926
       Dagger            |       |       |   122 |       ||   122
Invok: Depart the Abyss  |     1 |       |       |       ||     1
       Banish            |       |       |       |    15 ||    15
  Use: Scroll            |     1 |     2 |     6 |     9 ||    18
       Potion            |       |       |     3 |     8 ||    11
 Stab: Sleeping          |       |       |     3 |       ||     3
  Eat: Chunk             |       |     6 |    15 |    19 ||    40
       Ration            |       |       |     1 |     3 ||     4
Armor: Storm dragon scal |   129 |   250 |   394 |   627 ||  1400
       Leather armour    |       |       |   112 |       ||   112
       Skin              |       |       |       |    18 ||    18
Dodge: Dodged            |    58 |   131 |   422 |   613 ||  1224

Table legend:
 A = Spawn XP
 B = Non-spawn XP
 C = Spawn XP percentage of total XP
 D = Spawn monster count
 E = Non-spawn monster count
 F = Spawn count percentage of total count
 G = Total turns spent on level
                    A         B        C        D         E        F      G
               +---------+---------+-------+---------+---------+-------+---------
         Total |       0 |   21300 |   0.0 |       0 |     339 |   0.0 | 14897
               +---------+---------+-------+---------+---------+-------+---------
           D:1 |       0 |      54 |   0.0 |       0 |      21 |   0.0 |   671
           D:2 |       0 |     321 |   0.0 |       0 |      22 |   0.0 |   771
           D:3 |       0 |    1184 |   0.0 |       0 |      84 |   0.0 |  1945
           D:4 |       0 |     849 |   0.0 |       0 |      24 |   0.0 |  1595
           D:5 |       0 |     756 |   0.0 |       0 |      23 |   0.0 |   778
           D:6 |       0 |     546 |   0.0 |       0 |      21 |   0.0 |  1202
           D:7 |       0 |    2611 |   0.0 |       0 |      22 |   0.0 |  1669
           D:8 |       0 |    2111 |   0.0 |       0 |      44 |   0.0 |  1164
           D:9 |       0 |    1188 |   0.0 |       0 |      13 |   0.0 |  1006
          D:10 |       0 |     986 |   0.0 |       0 |       3 |   0.0 |   170
        Lair:1 |       0 |    2606 |   0.0 |       0 |      14 |   0.0 |  1381
        Lair:2 |       0 |    6176 |   0.0 |       0 |      30 |   0.0 |  1963
        Lair:3 |       0 |    1387 |   0.0 |       0 |       7 |   0.0 |   200
         Sewer |       0 |     141 |   0.0 |       0 |       8 |   0.0 |   214
         IceCv |       0 |     384 |   0.0 |       0 |       3 |   0.0 |    17
               +---------+---------+-------+---------+---------+-------+---------
